 Dungeon Crawl Stone Soup version 0.28.0-53-g5a82cb258f (webtiles) character file.

Game seed: 10801043371061210629

788 adizb the Sneak (level 7, -5/46 HPs)
             Began as an Octopode Warper on July 17, 2022.
             Was an Initiate of Gozag.
             Splashed by a jelly's acid (8 damage)
             ... on level 5 of the Dungeon.
             The game lasted 00:24:39 (3914 turns).

adizb the Sneak (Octopode Warper)                   Turns: 3914, Time: 00:24:50

Health: -5/46      AC:  1    Str: 10    XL:     7   Next: 87%
Magic:  9/11       EV: 13    Int: 16    God:    Gozag
Gold:   67         SH: 11    Dex: 13    Spells: 10/12 levels left

rFire   . . .      SeeInvis .   v - +2 dagger (holy)
rCold   . . .      Faith    .   g - +2 buckler
rNeg    . . .      Spirit   .   (helmet restricted)
rPois   .          Reflect  +   h - amulet of reflection
rElec   .          Harm     .   (no ring)
rCorr   .          Rampage  .   (no ring)
Will    .....                   (no ring)
Stlth   ++++......              (no ring)
HPRegen 0.15/turn               (no ring)
MPRegen 0.12/turn               (no ring)
                                (no ring)
                                (no ring)

@: gold aura, on blink cooldown
A: almost no armour, amphibious, 8 rings, camouflage 1, gelatinous body 1,
(nimble swimmer 1), tentacles
a: Renounce Religion, Potion Petition, Call Merchant, Bribe Branch


You were on level 5 of the Dungeon.
You worshipped Gozag.
Gozag was noncommittal.
You visited 2 branches of the dungeon, and saw 6 of its levels.
You also visited: Sewer.

You collected 241 gold pieces.
You spent 112 gold pieces at shops.
You paid 62 gold pieces to Gozag.

Inventory:

Hand Weapons
 a - a +0 short sword
 v - a +2 dagger of holy wrath (weapon)
Missiles
 f - 4 poisoned darts
 o - a boomerang (quivered)
 t - 4 javelins
Armour
 g - a +2 buckler (worn)
Jewellery
 h - an amulet of reflection (around mantle)
 j - a ring of positive energy
 l - an amulet of regeneration
 n - an amulet of guardian spirit
Wands
 m - a wand of digging (9)
Scrolls
 b - 2 scrolls of blinking
 c - 2 scrolls of fear
 d - 5 scrolls of teleportation
 s - a scroll of magic mapping
 x - a scroll of fog
Potions
 e - a potion of berserk rage
 i - a potion of heal wounds {unknown}
 k - a potion of brilliance {unknown}
 p - 2 potions of flight {unknown}
 q - a potion of invisibility
 r - a potion of might {unknown}
 u - 5 potions of curing
 w - a potion of magic {unknown}


   Skills:
 + Level 3.3 Fighting
 * Level 4.3 Short Blades
 - Level 1.0 Throwing
 + Level 3.6 Dodging
 * Level 5.5 Stealth
 + Level 2.5 Shields
 + Level 3.1 Spellcasting
 + Level 4.0 Translocations


You had 10 spell levels left.
You knew the following spells:

 Your Spells              Type           Power      Damage    Failure   Level
a - Blink                 Tloc           30%        N/A       7%          2

Your spell library contained the following spells:

 Spells                   Type           Power      Damage    Failure   Level
 Gell's Gravitas          Tloc           15%        N/A       14%         3
 Lesser Beckoning         Tloc           15%        N/A       14%         3
 Teleport Other           Tloc           15%        N/A       14%         3
 Sandblast                Erth           4%         2d4       24%         1
 Passwall                 Tmut/Erth      1%         N/A       36%         2
 Stone Arrow              Conj/Erth      4%         3d7       58%         3
 Manifold Assault         Tloc           15%        N/A       77%         5


Dungeon Overview and Level Annotations

Branches:
Dungeon (5/15)             Temple (1/1) D:5           Sewer (visited)

Altars:
Ashenzari
Cheibriados
Elyvilon
Fedhas
Gozag
Hepliaklqana
Kikubaaqudgha
Makhleb
Nemelex Xobeh
Okawaru
Qazlal
Ru
Trog
Wu Jian
Xom
Yredelemnul
The Shining One

Shops:
D:3 =   D:5 ?


Innate Abilities, Weirdness & Mutations

You cannot wear most types of armour.
You are amphibious.
You can wear up to eight rings at the same time.
Your skin changes colour to match your surroundings (Stealth+).
Your rubbery body absorbs attacks. (AC +1, EV +1)
((You are camouflaged when in or above water. (Stealth+)))
You have tentacles for arms and can constrict up to eight enemies at once.


Message History

The scorpion barely misses you.
You hit the scorpion but do no damage.
You squeeze the scorpion, but do no damage.
The scorpion is moderately wounded.
You constrict the scorpion. You block the scorpion's attack.
You hit the scorpion. Your squeeze misses the scorpion.
The scorpion is heavily wounded.
You constrict the scorpion. The scorpion closely misses you.
The scorpion misses you.
You hit the scorpion.
The scorpion is severely wounded.
You constrict the scorpion. You block the scorpion's attack.
You hit the scorpion. You squeeze the scorpion.
You kill the scorpion!
You hit the wyvern zombie but do no damage.
You block the wyvern zombie's attack.
You hit the wyvern zombie.
The wyvern zombie convulses.
You squeeze the wyvern zombie.
The wyvern zombie is moderately damaged.
The wyvern zombie barely misses you.
The jelly quivers.
You hit the wyvern zombie.
The wyvern zombie convulses.
The wyvern zombie is moderately damaged.
You block the wyvern zombie's attack.
You hit the wyvern zombie.
The wyvern zombie convulses.
You tentacle-slap the wyvern zombie. You squeeze the wyvern zombie.
The wyvern zombie is heavily damaged.
The wyvern zombie bites you.
You hit the wyvern zombie.
The wyvern zombie convulses.
The wyvern zombie is heavily damaged.
The wyvern zombie bites you!
Casting: Blink (safe; 7% risk of failure)
Confirm with . or Enter, or press ? or * to list all spells.
You blink.
The wyvern zombie bites you!
* * * LOW HITPOINT WARNING * * *
The jelly hits you.
* * * LOW HITPOINT WARNING * * *
You are splashed with acid!
You die...
Your body crumbles into a pile of gold.

###.........#
#...###.#...#
##)#.##......#
##....##.#.#..#
......#.......###
##......#.#.#...####
##...#.......#....#
#.#...#.>.#...#J.#
#...#.......#.@Z$#
#.#...#.#.#...##ยง#
#...#......(#.##.#
#......#.#....##.#
#.####.....#####<#
##.## #..#.## #.#
##...###....######.#
#...>.##...........#
.......#..#######..#


You could see a jelly and a wyvern zombie.

Vanquished Creatures
  Sigmund (D:5)
  An ogre (D:4)
  A bullfrog (D:4)
  A scorpion (D:5)
  A water moccasin skeleton (D:4)
  A jelly (D:5)
  A centaur skeleton (D:5)
  A hound (D:4)
  2 iguanas
  A hound skeleton (D:3)
  7 gnolls (D:5)
  3 adders
  A shadow imp (D:4)
  A white imp (D:5)
  An ufetubus (D:4)
  An adder skeleton (D:3)
  An adder zombie (D:3)
  A worm (D:3)
  4 dart slugs
  2 orcs
  6 ball pythons
  10 endoplasms
  6 giant cockroaches
  3 goblins
  6 hobgoblins
  11 jackals
  9 quokkas
  A ball python skeleton (D:3)
  A ball python zombie (D:3)
  9 bats
  8 frilled lizards
  5 kobolds
  A quokka skeleton (D:3)
  8 rats
117 creatures vanquished.

Vanquished Creatures (others)
  2 demonic plants (D:2)
2 creatures vanquished.

Grand Total: 119 creatures vanquished

Notes
Turn   | Place    | Note
-------+----------+-------------------------------------------
     0 | D:1      | adizb the Octopode Warper began the quest for the Orb.
     0 | D:1      | Reached XP level 1. HP: 14/14 MP: 3/3
   115 | D:1      | Reached skill level 1 in Stealth
   115 | D:1      | Reached XP level 2. HP: 13/19 MP: 5/5
   121 | D:1      | Learned a level 2 spell: Blink
   404 | D:1      | Reached XP level 3. HP: 19/24 MP: 6/6
   768 | D:2      | You fall into a shaft and drop 2 floors!
   823 | D:4      | Found a sparkling altar of Nemelex Xobeh.
   864 | D:4      | Noticed an ogre
   956 | D:4      | Killed an ogre
   957 | D:4      | Reached skill level 2 in Stealth
   957 | D:4      | Reached skill level 1 in Shields
   957 | D:4      | Reached XP level 4. HP: 30/30 MP: 7/7
   957 | D:4      | Reached XP level 5. HP: 35/35 MP: 8/8
  1010 | D:4      | Reached skill level 3 in Stealth
  1381 | D:3      | Found a glowing drain.
  1395 | Sewer    | Entered a sewer
  1417 | Sewer    | Noticed Pargi
  1668 | D:3      | Found Icsesk's One-of-a-Kind Rings.
  1991 | D:2      | Found a faded altar of an unknown god.
  1991 | D:2      | Noticed a hellwing
  2051 | D:2      | Reached XP level 6. HP: 37/41 MP: 9/9
  3023 | D:4      | Reached skill level 4 in Stealth
  3295 | D:5      | Entered Level 5 of the Dungeon
  3339 | D:5      | Reached XP level 7. HP: 24/45 MP: 11/11
  3435 | D:5      | Found Qasoq's Magic Scroll Emporium.
  3439 | D:5      | Bought a scroll of identify for 28 gold pieces
  3439 | D:5      | Bought a scroll of identify for 28 gold pieces
  3439 | D:5      | Bought a scroll of identify for 28 gold pieces
  3439 | D:5      | Bought a scroll of fog for 28 gold pieces
  3562 | D:5      | Found a staircase to the Ecumenical Temple.
  3573 | Temple   | Entered the Ecumenical Temple
  3673 | Temple   | Became a worshipper of Gozag Ym Sagoz the Greedy
  3704 | D:5      | Noticed Sigmund
  3714 | D:5      | Killed Sigmund
  3715 | D:5      | Reached skill level 5 in Stealth
  3914 | D:5      | Splashed by a jelly's acid

Illustrated notes

Levels and vault maps discovered:
D:1:      dpeg_arrival_houses_and_road, layout_basic
D:2:      layout_loops_ring, dreamdust_ecumenical_altar_sealed_demon,
          feat_on_display
D:3:      layout_loops_ring, gup_sewer_entry_pipe, serial_undead,
          serial_undead_c, serial_undead_a, serial_undead_a, serial_undead_d,
          nicolae_shop_unique_rings
D:4:      layout_basic, nemelex_xobeh_ov_fountains_minmay, minmay_surrounded
D:5:      layout_loops_ring, nicolae_uskayaw_suspiria,
          minmay_temple_entry_sparse_star, serial_shops, nicolae_stop_n_shop_1,
          uniq_sigmund
Temple:   eino_narrow_crystal_temple

Skill      XL: |  1  2  3  4  5  6  7 |
---------------+----------------------+-----
Stealth        | 1 2 3 4 5 |  5.5
Short Blades   | 3 4 |  4.3
Shields        | 1 2 |  2.5
Dodging        | 3 |  3.6
Fighting       | 3 |  3.3
Spellcasting   | 3 |  3.1
Translocations | 4 |  4.0
Throwing       | |  1.0

Action                   |  1- 3 |  4- 6 |  7- 9 || total
-------------------------+-------+-------+-------++-------
Melee: Short sword       |    77 |   123 |       ||   200
       Tentacles         |    16 |    35 |    12 ||    63
       Constrict         |    16 |    36 |     8 ||    60
       Punch             |     1 |       |     1 ||     2
       Dagger            |       |    36 |    33 ||    69
Throw: Boomerang         |       |    23 |       ||    23
 Cast: Blink             |       |       |     1 ||     1
  Use: Scroll            |     2 |       |     7 ||     9
 Stab: Sleeping          |     5 |    15 |     4 ||    24
       Distracted        |       |     1 |       ||     1
Armor: Skin              |     4 |     5 |       ||     9
Dodge: Dodged            |    46 |    62 |    10 ||   118
Block: Buckler           |    16 |    81 |     8 ||   105
       Reflection        |     1 |       |       ||     1
